 Dungeon Crawl Stone Soup version 0.24.0-13-gcf9b3192b9 (webtiles) character file.

Game seed: 16527328005259369666, levelgen mode: deterministic

72 Katsumi the Changer (level 4, -1/21 HPs)
             Began as a Felid Transmuter on Nov 9, 2019.
             Slain by a giant cockroach (2 damage)
             ... on level 3 of the Dungeon.
             The game lasted 00:03:46 (4416 turns).

Katsumi the Changer (Felid Transmuter)              Turns: 4416, Time: 00:03:47

Health: -1/21      AC:  1    Str:  6    XL:     4   Next: 6%
Magic:  8/8        EV: 18    Int: 16    God:
Gold:   112        SH:  0    Dex: 16    Spells: 0/7 levels left
                                        Lives:  0   Deaths: 1

rFire    . . .     SeeInvis +     - Unarmed
rCold    . . .     Gourm    .   (shield unavailable)
rNeg     . . .     Faith    .   (armour unavailable)
rPois    +         Spirit   .   (helmet unavailable)
rElec    .         Reflect  .   (cloak unavailable)
rCorr    .         Harm     .   (gloves unavailable)
MR       .....                  (boots unavailable)
Stlth    ++........             (no amulet)
HPRegen  0.07/turn              l - ring of poison resistance
MPRegen  0.11/turn              (no ring)

@: quick
A: very small, no armour, no weapons or thrown items, stealth, claws 1, fangs 3,
see invisible, carnivore, speed 1, shaggy fur 1, slow metabolism 1, sharp paws
a: no special abilities


You were on level 3 of the Dungeon.
You were full.

You visited 1 branch of the dungeon, and saw 3 of its levels.

You collected 112 gold pieces.

Inventory:

Missiles
 a - 44 arrows
Jewellery
 l - a ring of poison resistance (left paw)
Scrolls
 e - a scroll of fog {unknown}
 f - 2 scrolls of remove curse {unknown}
 j - 2 scrolls of magic mapping {unknown}
 k - a scroll of teleportation {unknown}
 m - a scroll of amnesia {unknown}
Potions
 b - a potion of cancellation {unknown}
 d - a potion of curing
 g - 3 potions of agility
 h - a potion of berserk rage
Comestibles
 c - 9 rations


   Skills:
 - Level 3.0 Fighting
 - Level 2.6 Dodging
 - Level 3.0 Unarmed Combat
 - Level 2.0 Spellcasting
 + Level 4.8 Transmutations


You couldn't memorise any spells.
You knew the following spells:

 Your Spells              Type           Power        Failure   Level  Hunger
a - Beastly Appendage     Tmut           ###...       2%          1    #......
b - Sticks to Snakes      Tmut           ###.....     4%          2    ###....
c - Blade Hands           Tmut           ###.......   61%         5    ######.

Your spell library contained the following spells:

 Spells                   Type           Power        Failure   Level  Hunger
 Spider Form              Tmut/Pois      #.........   22%         3    ###....
 Ice Form                 Ice/Tmut       #.......     58%         4    #####..


Dungeon Overview and Level Annotations

Branches:
Dungeon (3/15)

Altars:
Gozag
Makhleb
Sif Muna
Uskayaw
The Shining One


Innate Abilities, Weirdness & Mutations

You cannot wear armour.
You are incapable of wielding weapons or throwing items.
Your paws allow you to move quietly. (Stealth)
You have sharp claws.
You have razor-sharp teeth.
You have supernaturally acute eyesight. (SInv)
You are carnivorous and can eat meat at any time.
You cover ground quickly.
You are covered in fur. (AC +1)
You have a slow metabolism.
Your sharp claws are effective at attacking unaware monsters.


Message History

The giant cockroach closely misses you. The rat bites you.
The giant cockroach misses you. The rat completely misses you.
The giant cockroach completely misses you.
The rat barely misses you. The giant cockroach closely misses you.
The rat barely misses you. The giant cockroach barely misses you.
The giant cockroach completely misses you.
The rat bites you. The giant cockroach bites you.
* * * LOW HITPOINT WARNING * * *
The rat closely misses you. The giant cockroach closely misses you.
The rat bites you.
* * * LOW HITPOINT WARNING * * *
The giant cockroach misses you. The rat completely misses you.
The giant cockroach bites you but does no damage.
The rat bites you.
* * * LOW HITPOINT WARNING * * *
The giant cockroach bites you.
You die...

######..........# #.#
#..........# #.# #
#..........# #.# .###
###..#####.## #.#
...###...## #..###.######
....##.### #..##รท......#
##)....########..##.......#
#.............#.s##.......#
................@r........#
##...##.#######..##.......#
####..#...#####..##.......#
# ##........##..##......>#
#######......##.......#
#..##..####.##### #
##.###.# .# ## #.# #.# .#
.## #.# #.#


You could see a giant cockroach and a rat.

Vanquished Creatures
  A gnoll (D:1)
  4 adders (D:2)
  3 oozes (D:1)
  2 worms (D:2)
  3 dart slugs
  A leopard gecko (D:3)
  An orc (D:3)
  A ball python (D:1)
  4 giant cockroaches
  8 goblins
  11 hobgoblins
  5 jackals (D:1)
  7 kobolds
  2 quokkas (D:3)
  6 bats
  3 frilled lizards
  10 rats
72 creatures vanquished.

Notes
Turn   | Place    | Note
-------+----------+-------------------------------------------
     0 | D:1      | Katsumi the Felid Transmuter began the quest for the Orb.
     0 | D:1      | Reached XP level 1. HP: 9/9 MP: 4/4
   334 | D:1      | Reached XP level 2. HP: 9/13 MP: 6/6
   362 | D:1      | Learned a level 2 spell: Sticks to Snakes
   969 | D:1      | Reached XP level 3. HP: 14/17 MP: 5/7
  1583 | D:1      | Reached skill level 3 in Transmutations
  2407 | D:2      | Found an opulent altar of Gozag.
  2410 | D:2      | Found a shimmering blue altar of Sif Muna.
  2413 | D:2      | Found a glowing golden altar of the Shining One.
  2416 | D:2      | Found a hide-covered altar of Uskayaw.
  2429 | D:2      | Reached XP level 4. HP: 21/21 MP: 4/8
  2673 | D:2      | Reached skill level 4 in Transmutations
  3067 | D:2      | Found a burning altar of Makhleb.
  4275 | D:3      | Reached XP level 5. HP: 20/24 MP: 7/9
  4282 | D:3      | Learned a level 5 spell: Blade Hands
  4365 | D:3      | Noticed an orc warrior
  4375 | D:3      | Slain by an orc warrior
  4376 | D:3      | Reached XP level 4. HP: -5/21 MP: 8/8
  4416 | D:3      | HP: 1/21 [rat (2)]
  4416 | D:3      | Slain by a giant cockroach

Levels and vault maps discovered:
D:1:      dpeg_arrival_rooms_c, layout_loops_ring
D:2:      minmay_wonky_spiral, layout_basic, lightli_temple_of_fire,
          grunt_temple_overflow_cloverleaf
D:3:      layout_rooms, first_ration, moated_statue

Skill      XL: |  1  2  3  4 |
---------------+-------------+-----
Fighting       | 2 3 |  3.0
Transmutations | 3 4 |  4.8
Dodging        | |  2.6
Unarmed Combat | |  3.0
Spellcasting   | |  2.0

Action                   |  1- 3 |  4- 6 || total
-------------------------+-------+-------++-------
Melee: Unarmed           |    97 |   130 ||   227
       Bite              |     9 |    14 ||    23
       Punch             |     1 |     1 ||     2
       Headbutt          |    11 |    19 ||    30
 Cast: Beastly Appendage |    28 |    22 ||    50
       Sticks to Snakes  |     1 |     3 ||     4
  Use: Scroll            |       |     3 ||     3
 Stab: Sleeping          |     2 |     3 ||     5
       Distracted        |       |     1 ||     1
  Eat: Chunk             |    11 |     8 ||    19
Armor: Skin              |     5 |    10 ||    15
Dodge: Dodged            |    79 |   140 ||   219
